 Dungeon Crawl Stone Soup version 0.30-a0-23-ge60ba3568b (webtiles) character file.

Game seed: 6256333193259629505

154 voltaire321 the Chiller (level 4, -4/35 HPs)
             Began as a Demigod Ice Elementalist on Aug 25, 2022.
             Slain by Duvessa
             ... wielding a +2 rapier of flaming
              (8 damage)
             ... on level 4 of the Dungeon.
             The game lasted 00:08:36 (3424 turns).

voltaire321 the Chiller (Demigod Ice Elementalist)  Turns: 3424, Time: 00:08:37

Health: -4/35      AC:  4    Str:  9    XL:     4   Next: 88%
Magic:  9/19       EV: 11    Int: 21    God:
Gold:   104        SH:  3    Dex: 14    Spells: 1/8 levels left

rFire   . . .      SeeInvis .    l - +0 short sword (holy)
rCold   . . .      Faith    .    w - +0 buckler
rNeg    . . .      Spirit   .    h - +0 leather armour
rPois   .          Reflect  .    (no helmet)
rElec   .          Harm     .    i - +0 cloak
rCorr   .          Rampage  .    (no gloves)
Will    .....                    (no boots)
Stlth   ++........               (no amulet)
HPRegen 0.11/turn                u - ring of magical power
MPRegen 0.16/turn                (no ring)

@: freezing walls, very slightly contaminated
A: high MP 1, forlorn, divine attributes
a: no special abilities


You were on level 4 of the Dungeon.
You visited 1 branch of the dungeon, and saw 4 of its levels.

You collected 104 gold pieces.

Inventory:

Hand Weapons
 e - a +0 dagger
 l - a +0 short sword of holy wrath (weapon)
Armour
 a - a +0 robe
 h - a +0 leather armour (worn)
 i - a +0 cloak (worn)
 w - a +0 buckler (worn)
Jewellery
 u - a ring of magical power (left hand)
Scrolls
 c - 2 scrolls of amnesia {unknown}
 f - a scroll of noise {unknown}
 j - 2 scrolls of enchant weapon {unknown}
 k - a scroll of acquirement {unknown}
 n - a scroll of immolation {unknown}
 o - a scroll of fear {unknown}
 q - a scroll of teleportation {unknown}
 r - a scroll of fog {unknown}
 v - a scroll of identify {unknown}
Potions
 b - 2 potions of magic
 d - 9 potions of curing {unknown}
 g - 2 potions of haste {unknown}
 m - 2 potions of lignification {unknown}
 p - a potion of resistance {unknown}
 s - 2 potions of heal wounds {unknown}
 t - a potion of invisibility {unknown}
 x - a potion of ambrosia {unknown}
 z - a potion of flight {unknown}


   Skills:
 + Level 1.5 Fighting
 + Level 1.5 Armour
 + Level 2.7 Dodging
 - Level 2.0 Stealth
 + Level 0.1 Shields
 + Level 2.5 Spellcasting
 + Level 4.1 Ice Magic


You had one spell level left.
You knew the following spells:

 Your Spells              Type           Power      Damage    Failure   Level
a - Freeze                Ice            80%        1d9       4%          1
b - Frozen Ramparts       Ice            40%        1d7       14%         3
c - Ozocubu's Armour      Ice            20%        N/A       14%         3

Your spell library contained the following spells:

 Spells                   Type           Power      Damage    Failure   Level
 Apportation              Tloc           4%         N/A       26%         1
 Necrotise                Necr           8%         1d4       26%         1
 Summon Small Mammal      Summ           8%         N/A       26%         1
 Hailstorm                Conj/Ice       11%        3d5       75%         4
 Corpse Rot               Necr/Pois/Air  2%         N/A       95%         4
 Dispel Undead            Necr           2%         3d7       95%         4
 Alistair's Intoxication  Tmut/Pois      1%         N/A       100%        5
 Death Channel            Necr           1%         N/A       100%        6


Dungeon Overview and Level Annotations

Branches:
Dungeon (4/15)
 Temple: D:4-7

Shops:
D:2 :   D:3 (

Annotations:
D:2 1 runed translucent door, Crazy Yiuf
D:4 Duvessa


Innate Abilities, Weirdness & Mutations

You have an increased reservoir of magic. (+10% MP)
You shall have no god before yourself.
Your divine heritage dramatically boosts your attributes as you level up.


Message History

The wall freezes Dowan.
Dowan generates a fountain of clear water, and laughs cruelly.
Dowan misses you.
The wall freezes Duvessa but does no damage.
Casting: Freeze (safe; 4% risk of failure)
Confirm with . or Enter, or press ? or * to list all spells.
Aiming: Freeze (safe; 4% risk of failure)
Press: ? - help, Shift-Dir - straight line, f/p - Dowan
Aim: Dowan, wielding a +0 dagger and wearing a +2 robe of cold resistance (severely wounded)
You miscast Freeze.
You are very lightly contaminated with residual magic.
Nothing appears to happen.
Dowan resists.
The wall freezes Dowan.
Dowan hits you but does no damage.
The wall freezes Duvessa but does no damage.
Casting: Freeze (safe; 4% risk of failure)
Confirm with . or Enter, or press ? or * to list all spells.
Aiming: Freeze (safe; 4% risk of failure)
Press: ? - help, Shift-Dir - straight line, f/p - Dowan
Aim: Dowan, wielding a +0 dagger and wearing a +2 robe of cold resistance (almost dead)
You freeze Dowan.
Dowan resists.
Dowan is almost dead.
Dowan resists.
The wall freezes Dowan.
Dowan closely misses you.
The wall freezes Duvessa but does no damage.
Duvessa hits you with a +2 rapier of flaming!
Duvessa burns you.
Casting: Freeze (safe; 4% risk of failure)
Confirm with . or Enter, or press ? or * to list all spells.
Aiming: Freeze (safe; 4% risk of failure)
Press: ? - help, Shift-Dir - straight line, f/p - Dowan
Aim: Dowan, wielding a +0 dagger and wearing a +2 robe of cold resistance (almost dead)
You freeze Dowan.
Dowan resists.
You kill Dowan!
Duvessa screams in rage.
Duvessa goes berserk!
The goblin shouts!
The wall freezes Duvessa but does no damage.
Duvessa hits you with a +2 rapier of flaming!
* * * LOW HITPOINT WARNING * * *
Duvessa burns you!
You die...

. ########.
#...###<.......
#..!)@J.....g
.[...#e.......#
.### ###......#
......# ....?.#
#######


You could see Duvessa (berserk), an endoplasm and a goblin.

Vanquished Creatures
  Dowan (D:4)
  Natasha (thrice) (D:2)
  2 adders
  2 worms
  4 dart slugs
  An orc (D:3)
  3 bats (D:1)
  2 endoplasms (D:3)
  2 giant cockroaches
  2 goblins
  5 hobgoblins
  2 jackals (D:1)
  A quokka (D:3)
  2 ball pythons
  3 frilled lizards
  7 kobolds
  10 rats
52 creatures vanquished.

Notes
Turn   | Place    | Note
-------+----------+-------------------------------------------
     0 | D:1      | voltaire321 the Demigod Ice Elementalist began the quest
                  | for the Orb.
     0 | D:1      | Reached XP level 1. HP: 14/14 MP: 5/5
   553 | D:1      | Reached XP level 2. HP: 11/20 MP: 4/7
  1092 | D:2      | Noticed Natasha
  1098 | D:2      | Killed Natasha
  1099 | D:2      | Reached XP level 3. HP: 23/27 MP: 3/8
  1240 | D:2      | Reached skill level 1 in Armour
  1343 | D:2      | Found Hitehoq's Book Boutique.
  1401 | D:2      | Reached skill level 1 in Fighting
  1444 | D:2      | Found a runed translucent door.
  1445 | D:2      | Noticed Crazy Yiuf
  1450 | D:2      | Learned a level 3 spell: Frozen Ramparts
  1811 | D:2      | Noticed Natasha
  1823 | D:2      | Killed Natasha
  1824 | D:2      | Reached skill level 4 in Ice Magic
  1824 | D:2      | Reached XP level 4. HP: 29/35 MP: 4/10
  2097 | D:2      | Noticed Natasha
  2106 | D:2      | Killed Natasha
  2612 | D:3      | Found Wasesch's Antique Weapon Shop.
  2745 | D:3      | Learned a level 3 spell: Ozocubu's Armour
  3411 | D:4      | Noticed Dowan
  3412 | D:4      | Noticed Duvessa
  3424 | D:4      | Killed Dowan
  3424 | D:4      | Slain by Duvessa

Illustrated notes

Levels and vault maps discovered:
D:1:      pf_arrival_petrified_forest, layout_basic,
          dilly_ecumenical_altar_fadedgnrine, minivault_5, lemuel_old_faithful
D:2:      layout_loops_corners, serial_shops, shop, minmay_misc_feat_plants,
          uniq_crazy_yiuf_cottage, uniq_natasha
D:3:      layout_basic, serial_shops, shop, minmay_between
D:4:      minmay_inner_zag, layout_rooms, lemuel_crystal_altar,
          minmay_temple_entry_offerings, uniq_duvessa, uniq_menkaure, uniq_ijyb,
          uniq_robin

Skill      XL: |  1  2  3 |
---------------+----------+-----
Stealth        | 2 |  2.0
Dodging        | 2 |  2.7
Spellcasting   | 2 |  2.5
Armour         | 1 |  1.5
Fighting       | 1 |  1.5
Ice Magic      | 4 |  4.1
Shields        | |  0.1

Action                   |  1- 3 |  4- 6 || total
-------------------------+-------+-------++-------
Melee: Short sword       |    10 |    27 ||    37
       Punch             |       |     1 ||     1
 Cast: Freeze            |    58 |    28 ||    86
       Frozen Ramparts   |       |     2 ||     2
 Stab: Sleeping          |     2 |     1 ||     3
Armor: Leather armour    |     8 |    12 ||    20
Dodge: Dodged            |    25 |    17 ||    42
Block: Buckler           |       |     1 ||     1

Table legend: (Time is in decaauts)
 A = Elapsed time spent in this place.
 B = Non-inter-level travel time spent in this place.
 C = Inter-level travel time spent in this place.
 D = Time resting spent in this place.
 E = Time spent auto-exploring this place.
 F = Levels seen in this place.
 G = Mean time per level.
                   A        B        C        D        E       F      G
               +--------+--------+--------+--------+--------+-----+--------+
         Total |   3426 |   3382 |     44 |    407 |   2473 |   4 |  856.5 |
       Dungeon |   3426 |   3382 |     44 |    407 |   2473 |   4 |  856.5 |
               +--------+--------+--------+--------+--------+-----+--------+

Top non-repeatable levels by time:
     D:3: 1213 daAuts
     D:2: 1113 daAuts
     D:1: 1086 daAuts
     D:4: 12 daAuts
